 Dungeon Crawl Stone Soup version 0.27-a0-780-geb8d7bc690 (webtiles) character file.

Game seed: 2911727600954595373

2490 Froggeryz the Basher (level 9, 0/68 HPs)
             Began as a Demigod Gladiator on Mar 26, 2021.
             Succumbed to a killer bee's poison
             ... on level 7 of the Dungeon.
             The game lasted 00:13:09 (8979 turns).

Froggeryz the Basher (Demigod Gladiator)            Turns: 8979, Time: 00:13:10

Health: 0/68       AC: 10    Str: 27    XL:     9   Next: 7%
Magic:  11/11      EV: 11    Int: 10    God:
Gold:   341        SH:  6    Dex: 15    Spells: 8/8 levels left

rFire    + . .     SeeInvis .   a - +0 flail
rCold    . . .     Faith    .   s - +0 buckler
rNeg     . . .     Spirit   .   h - +1 scale mail
rPois    .         Reflect  .   c - +0 helmet
rElec    .         Harm     .   (no cloak)
rCorr    .         Rampage  .   x - +0 pair of gloves
Will     +....                  (no boots)
Stlth    ..........             (no amulet)
HPRegen  0.21/turn              q - ring of protection from fire
MPRegen  0.12/turn              w - ring of willpower

@: lethally poisoned (0 -> -20), hasted, very quick
A: high mp 1, forlorn
a: no special abilities


You were on level 7 of the Dungeon.
You visited 1 branch of the dungeon, and saw 7 of its levels.
You also visited: Sewer.

You collected 341 gold pieces.

Inventory:

Hand Weapons
 a - a +0 flail (weapon)
 z - a +0 morningstar
Missiles
 j - 22 poisoned darts (quivered)
Armour
 c - a +0 helmet (worn)
 f - a +1 chain mail of positive energy
 h - a +1 scale mail (worn)
 s - a +0 buckler (worn)
 x - a +0 pair of gloves (worn)
Jewellery
 q - a ring of protection from fire (right hand)
 w - a ring of willpower (left hand)
Wands
 d - a wand of digging (6)
 o - a wand of polymorph (2)
 u - a wand of paralysis (4)
Scrolls
 k - a scroll of vulnerability {unknown}
 m - a scroll of noise {unknown}
 r - 2 scrolls of identify
 t - 2 scrolls of silence {unknown}
 y - 2 scrolls of amnesia
 A - 2 scrolls of torment {unknown}
 B - a scroll of magic mapping {unknown}
Potions
 b - 2 potions of mutation
 e - 5 potions of flight
 l - a potion of cancellation
 n - a potion of lignification {unknown}


   Skills:
 + Level 2.6 Fighting
 * Level 8.4 Maces & Flails
 - Level 1.7 Throwing
 - Level 3.5 Armour
 - Level 2.6 Dodging
 - Level 7.0 Shields


You had 8 spell levels left.
You didn't know any spells.
Your spell library contained the following spells:

 Spells                   Type           Power      Damage    Failure   Level
 Animate Skeleton         Necr           0%         N/A       63%         1
 Apportation              Tloc           0%         N/A       63%         1
 Corona                   Hex            0%         N/A       63%         1
 Summon Small Mammal      Summ           0%         N/A       63%         1
 Call Imp                 Summ           0%         N/A       77%         2
 Call Canine Familiar     Summ           0%         N/A       94%         3
 Summon Guardian Golem    Hex/Summ       0%         N/A       94%         3
 Summon Ice Beast         Ice/Summ       0%         N/A       100%        4
 Summon Lightning Spire   Summ/Air       0%         N/A       100%        4


Dungeon Overview and Level Annotations

Branches:
Dungeon (7/15)             Temple (0/1) D:4           Sewer (visited)


Innate Abilities, Weirdness & Mutations

Your attributes grow dramatically as you level up.
You have an increased reservoir of magic. (+10% MP)
You shall have no god before yourself.


Message History

You are more poisoned.
The killer bee poisons you!
You feel very sick. The killer bee closely misses you.
As you read the scroll of fear, it crumbles to dust.
You assume a fearsome visage.
The killer bee looks frightened! x3
You feel sick.
You feel sick.
Found 11 gold pieces.
You feel sick.
Found a scroll labelled OFFAUNAESI.
You feel sick.
You are no longer poisoned.
You now have 341 gold pieces (gained 11).
A - 2 scrolls labelled OFFAUNAESI (gained 1)
As you read the scroll of teleportation, it crumbles to dust.
You feel strangely unstable.
Your surroundings suddenly seem different.
The killer bee buzzes angrily. x2
The killer bee seems to regain its courage.
The killer bee closely misses you. The killer bee stings you.
* * * LOW HITPOINT WARNING * * *
You are poisoned.
The killer bee poisons you!
Found an escape hatch in the ceiling.
You feel better. You block the killer bee's attack.
The killer bee barely misses you. The killer bee stings you.
You block the killer bee's attack. The killer bee stings you.
* * * LOW HITPOINT WARNING * * *
You feel yourself speed up. The killer bee barely misses you.
You block the killer bee's attack. The killer bee stings you.
* * * LOW HITPOINT WARNING * * *
You are poisoned.
The killer bee poisons you! The killer bee stings you.
* * * LOW HITPOINT WARNING * * *
You are lethally poisoned!
The killer bee poisons you! The killer bee stings you.
* * * LOW HITPOINT WARNING * * *
The killer bee closely misses you.
You die...

s?...## #..####.##..).
l.....############....#
#.##.#..
##.........$.....#....#
.##....
#...###..............#
.##....
#...............#.. .#
##.....
#...####........#. ..#
.##.. #...#
##............# #...#
###......#....## #...#
#.......@....... ....#
#...!.y...#..... .....#
#.....yy..# .... ....
.$ ##... #.........#
.#.. ..##^ #.........#
..#... ###.<#...##
...... #..####.# #..
###..#.. #.#
#.###..####.....#. ..
.................


You could see 3 killer bees.

Vanquished Creatures
  Grinder (D:3)
  Sigmund (D:3)
  Eustachio (D:5)
  A steam dragon (D:6)
  Duvessa (D:5)
  5 ogres
  An orc warrior (D:6)
  A necrophage (D:5)
  Dowan (D:5)
  A water moccasin skeleton (D:5)
  2 scorpions
  A howler monkey (D:6)
  2 centaur zombies (D:5)
  A gnoll shaman (D:6)
  4 hounds
  2 jellies
  An orc priest (D:4)
  5 iguanas
  A bullfrog skeleton (D:5)
  Terence (D:3)
  An orc wizard (D:6)
  A merfolk avatar (Sewer)
  A merfolk siren (Sewer)
  A hound skeleton (D:4)
  A howler monkey zombie (D:5)
  3 gnolls (D:6)
  10 adders
  2 river rats (Sewer)
  A shadow imp (D:6)
  A white imp (D:7)
  2 worms
  A dart slug (D:1)
  18 orcs
  12 endoplasms
  7 giant cockroaches
  17 goblins
  3 hobgoblins
  6 jackals (D:3)
  7 kobolds
  6 quokkas
  17 ball pythons
  9 bats
  13 frilled lizards
  30 rats
204 creatures vanquished.

Notes
Turn   | Place    | Note
-------+----------+-------------------------------------------
     0 | D:1      | Froggeryz the Demigod Gladiator began the quest for the
                  | Orb.
     0 | D:1      | Reached XP level 1. HP: 17/17 MP: 3/3
   173 | D:1      | Reached skill level 3 in Maces & Flails
   320 | D:1      | Reached XP level 2. HP: 20/24 MP: 4/4
  1231 | D:2      | Reached XP level 3. HP: 27/29 MP: 5/5
  1335 | D:2      | Reached skill level 1 in Armour
  1663 | D:2      | Reached skill level 4 in Maces & Flails
  2310 | D:3      | Noticed Sigmund
  2316 | D:3      | Killed Sigmund
  2317 | D:3      | Reached skill level 5 in Maces & Flails
  2317 | D:3      | Reached XP level 4. HP: 36/36 MP: 6/6
  2317 | D:3      | Reached XP level 5. HP: 41/41 MP: 7/7
  2406 | D:3      | Noticed Terence
  2413 | D:3      | Killed Terence
  2450 | D:3      | Noticed Grinder
  2468 | D:3      | Killed Grinder
  2469 | D:3      | Reached skill level 6 in Maces & Flails
  2469 | D:3      | Reached XP level 6. HP: 18/48 MP: 8/8
  2607 | D:3      | Found a glowing drain.
  2622 | Sewer    | Entered a sewer
  3577 | D:3      | Reached XP level 7. HP: 53/55 MP: 9/9
  4087 | D:4      | Found a staircase to the Ecumenical Temple.
  4478 | D:4      | Reached skill level 7 in Maces & Flails
  4896 | D:4      | Reached skill level 1 in Shields
  4985 | D:5      | Entered Level 5 of the Dungeon
  5260 | D:5      | Noticed Eustachio
  5609 | D:5      | Killed Eustachio
  5941 | D:5      | Reached XP level 8. HP: 51/62 MP: 10/10
  6070 | D:5      | Noticed Duvessa
  6070 | D:5      | Noticed Dowan
  6086 | D:5      | Killed Duvessa
  6108 | D:5      | Killed Dowan
  6665 | D:6      | Reached skill level 5 in Shields
  7187 | D:6      | Reached skill level 8 in Maces & Flails
  8333 | D:6      | Reached XP level 9. HP: 39/68 MP: 11/11
  8470 | D:6      | Found Dinykofi's Antique Weapon Shoppe.
  8979 | D:7      | Succumbed to a killer bee's poison

Illustrated notes

Levels and vault maps discovered:
D:1:      lemuel_arrival_rhombus, layout_basic
D:2:      minmay_angry_zag, layout_basic, general_overflow_altar,
          kennysheep_doodads
D:3:      minmay_razor_zed, layout_basic, portal_sewer_entry_f, uniq_grinder,
          uniq_sigmund, uniq_terence
D:4:      layout_basic, temple_pool_b
D:5:      layout_loops_ring, hangedman_decor_clover_reticule, uniq_duvessa,
          uniq_eustachio
D:6:      layout_loops_corners, serial_shops, kennysheep_mini_moat, hex_large,
          minmay_misc_feat_nine_boxes
D:7:      layout_rooms

Skill      XL: |  1  2  3  4  5  6  7  8  9 |
---------------+----------------------------+-----
Maces & Flails | 3 5 6 7 8 |  8.4
Armour         | 2 3 |  3.5
Fighting       | 2 |  2.6
Shields        | 3 6 7 |  7.0
Throwing       | |  1.7
Dodging        | |  2.6

Action                   |  1- 3 |  4- 6 |  7- 9 || total
-------------------------+-------+-------+-------++-------
Melee: Flail             |   131 |   230 |   376 ||   737
       Whip              |       |       |    94 ||    94
Throw: Throwing net      |     1 |     2 |       ||     3
       Dart              |       |       |    22 ||    22
  Use: Scroll            |       |     5 |     9 ||    14
       Potion            |       |     2 |     5 ||     7
 Stab: Held in net/web   |       |     1 |       ||     1
Armor: Leather armour    |    11 |       |       ||    11
       Scale mail        |    48 |    86 |   156 ||   290
Dodge: Dodged            |    78 |   103 |   262 ||   443
Block: Buckler           |       |       |   101 ||   101

Table legend: (Time is in decaauts)
 A = Elapsed time spent in this place.
 B = Non-inter-level travel time spent in this place.
 C = Inter-level travel time spent in this place.
 D = Time resting spent in this place.
 E = Time spent auto-exploring this place.
 F = Levels seen in this place.
 G = Mean time per level.
                   A        B        C        D        E       F      G
               +--------+--------+--------+--------+--------+-----+--------+
         Total |   9049 |   8777 |    272 |   2038 |   4777 |   8 | 1131.1 |
       Dungeon |   8340 |   8068 |    272 |   1738 |   4643 |   7 | 1191.4 |
         Sewer |    708 |    708 |      0 |    300 |    134 |   1 |  708.0 |
               +--------+--------+--------+--------+--------+-----+--------+

Top non-repeatable levels by time:
     D:6: 1744 daAuts
     D:5: 1543 daAuts
     D:4: 1348 daAuts
     D:2: 1180 daAuts
     D:1: 1157 daAuts
     D:3: 964 daAuts
   Sewer: 708 daAuts
     D:7: 401 daAuts
